 Dungeon Crawl Stone Soup version 0.31-a0-210-gccc998df9b (webtiles) character file.

Game seed: 12755537301215010332

10011 qw the Skirmisher (level 11, -7/71 HPs)
             Began as a Gargoyle Hexslinger on June 29, 2023.
             Was an Elder of Okawaru.
             Mangled by a five-headed hydra (10 damage)
             ... on level 1 of the Lair of Beasts.
             The game lasted 00:03:49 (8812 turns).

qw the Skirmisher (Gargoyle Hexslinger)             Turns: 8812, Time: 00:03:49

Health: -7/71      AC: 19    Str: 15    XL:     11   Next: 55%
Magic:  12/14      EV: 22    Int: 14    God:    Okawaru [****..]
Gold:   71         SH:  0    Dex: 21    Spells: 11/12 levels left

rFire   . . .        Y - +4 longbow (drain)
rCold   . . .        (shield currently unavailable)
rNeg    + . .        l - +0 ring mail of Prudence {Will- Str+3 Dex+2 SInv}
rPois   inf          g - +0 hat {Will+}
rElec   +            (no cloak)
rCorr   .            p - +2 pair of gloves "Qomenlut" {Dex+3}
SInv    +            a - +0 pair of boots
Will    .....        j - amulet of regeneration
Stlth   +++          k - +5 ring of evasion
HPRegen 1.11/turn    (no ring)
MPRegen 0.14/turn

%: no passive effects
@: about to teleport, heroic
A: sickness immunity, AC +8, negative energy resistance 1, electricity
resistance, torment resistance 1, petrification resistance
a: Renounce Religion, Heroism, Finesse


You were on level 1 of the Lair of Beasts.
You worshipped Okawaru.
Okawaru was greatly pleased with you.
You visited 3 branches of the dungeon, and saw 11 of its levels.
You also visited: Sewer.

You collected 336 gold pieces.
You spent 265 gold pieces at shops.


Innate Abilities, Weirdness & Mutations

You are immune to sickness and miasma.
Your stone body is resilient. (AC +8)
You are immune to poison.
You resist negative energy. (rN+)
You are resistant to electric shocks. (rElec)
You are resistant to unholy torment.
You are immune to petrification.


   Skills:
 - Level 9.2(14.2) Fighting
 + Level 13.9(18.9) Ranged Weapons
 - Level 4.0(9.0) Armour
 - Level 4.5(9.5) Dodging
 - Level 1.0 Spellcasting
 - Level 2.6 Hexes
 + Level 4.1 Invocations


You had 11 spell levels left.
You knew the following spells:

 Your Spells              Type           Power      Damage    Failure   Level
a - Slow                  Hex            32%        N/A       16%         1

Your spell library contained the following spells:

 Spells                   Type           Power      Damage    Failure   Level
 Inner Flame              Hex/Fire       4%         N/A       61%         3
 Portal Projectile        Hex/Tloc       8%         N/A       61%         3
 Cause Fear               Hex            4%         N/A       83%         4

Inventory:

Hand Weapons
 Y - a +4 longbow of draining (weapon)
Armour
 a - a +0 pair of boots (worn)
 b - a +0 helmet
 e - a +1 ring mail of cold resistance
 g - a +0 hat of willpower (worn)
 l - the +0 ring mail of Prudence (worn) {Will- Str+3 Dex+2 SInv}
   (You found it on level 3 of the Dungeon)

   Str:       It affects your strength (+3).
   Dex:       It affects your dexterity (+2).
   SInv:      It lets you see invisible.
   Will:      It decreases your willpower.
 p - the +2 pair of gloves "Qomenlut" (worn) {Dex+3}
   (You acquired it on level 1 of the Lair of Beasts)

   Dex:       It affects your dexterity (+3).
Jewellery
 j - an amulet of regeneration (around neck)
 k - a +5 ring of evasion (left hand)
Scrolls
 c - a scroll of identify
 n - 2 scrolls of teleportation
Potions
 d - 3 potions of heal wounds
 f - 5 potions of curing
 h - 3 potions of enlightenment
 i - 4 potions of haste
 m - a potion of cancellation
 r - 2 potions of might
 s - a potion of invisibility {unknown}

Dungeon Overview and Level Annotations

Branches:
Dungeon (8/15)             Temple (1/1) D:6            Lair (2/5) D:8
  Sewer (visited)
  Swamp: Lair:2-3    Shoals: Lair:2-3     Snake: Lair:2-3    Spider: Lair:2-3

Altars:
Ashenzari
Cheibriados
Dithmenos
Elyvilon
Fedhas
Gozag
Hepliaklqana
Kikubaaqudgha
Makhleb
Nemelex Xobeh
Okawaru
Qazlal
Ru
Sif Muna
Trog
Uskayaw
Vehumet
Wu Jian
Xom
Yredelemnul
Zin
The Shining One

Shops:
D:3 ?   D:4 =   D:7 (   D:8 *!*

Portals:
Bailey: D:7

Annotations:
D:2 1 runed translucent door, Crazy Yiuf


Message History

The five-headed hydra bites you but does no damage.
The five-headed hydra bites you. The five-headed hydra bites you!
The yak gores you!
You shoot an arrow. The arrow hits the five-headed hydra!!
The five-headed hydra is heavily wounded.
The wyvern barely misses you.
The water moccasin bites you but does no damage.
The water moccasin completely misses you.
The wyvern completely misses you.
The five-headed hydra bites you but does no damage.
The five-headed hydra completely misses you.
The five-headed hydra misses you.
The five-headed hydra bites you but does no damage.
The five-headed hydra closely misses you.
The yak misses you.
You shoot an arrow. The arrow hits the five-headed hydra!
You drain the five-headed hydra.
The five-headed hydra is severely wounded.
The water moccasin bites you but does no damage.
The water moccasin completely misses you.
The wyvern misses you.
You shoot an arrow. The arrow hits the five-headed hydra.
The five-headed hydra is severely wounded.
The water moccasin barely misses you.
The water moccasin bites you but does no damage.
The five-headed hydra bites you but does no damage. x3
The five-headed hydra bites you!
The five-headed hydra barely misses you.
The wyvern bites you but does no damage.
The yak gores you!
The water moccasin bites you but does no damage.
8812 ||| READING 3 scrolls of teleportation.
As you read the scroll of teleportation, it crumbles to dust.
You feel strangely unstable. The water moccasin misses you.
The wyvern bites you!
The five-headed hydra bites you but does no damage.
The five-headed hydra closely misses you.
The five-headed hydra completely misses you.
The five-headed hydra bites you!
You die...

#..####........#.# ##...##....
###...P##.[...>..### ##......##
#...............## #....####
##...####..#....## ##..## #...##
#...###...### #####.## ....#
###..###..#.###.....## ## ....#
#..###.............####. )...##
#...##YS...####.....##.. #....##
##.....S@#.####..........
####..###...##.Dl#.##....##......
#......######.........###.....
###.#.## ##..........###...> #
#..### #..###.....###...## #
#...# #P..###.....##..##. ##
#..## ###.^.#####...##.#### .#
#...### #.##.#.# ##.....##
.####..##.####.....###..###.## #


You could see a five-headed hydra (drained), a yak, 2 water moccasins and a
wyvern.

Vanquished Creatures
  Gastronok (Lair:1)
  2 death yaks (Lair:1)
  A skyshark (Lair:2)
  A cyclops (D:6)
  A cane toad (Lair:2)
  A torpor snail (Lair:1)
  2 komodo dragons
  Prince Ribbit (D:7)
  5 yaks
  3 wyverns
  2 steam dragons
  3 water moccasins
  A sky beast (D:7)
  9 black bears
  2 orc warriors (D:8)
  An ice beast (D:6)
  An ogre (D:5)
  4 centaurs
  3 phantoms
  A bullfrog (Lair:1)
  A gnoll sergeant (D:8)
  A necrophage (D:5)
  3 scorpions (D:6)
  3 water moccasin zombies (D:5)
  6 wights (D:7)
  3 bullfrog zombies (D:5)
  4 orc priests
  5 hounds
  2 jellies
  A human zombie (D:5)
  An iguana (D:4)
  2 sleepcaps
  Jessica (D:1)
  10 orc wizards
  A scorpion zombie (D:5)
  Robin (D:2)
  8 gnolls
  9 adders
  5 river rats (Sewer)
  2 shadow imps
  3 white imps
  3 ufetubi
  3 adder zombies (D:5)
  A worm (D:6)
  2 dart slugs (D:1)
  37 orcs
  19 ball pythons
  6 endoplasms
  5 giant cockroaches
  14 hobgoblins
  5 jackals
  11 kobolds
  2 quokkas
  7 bats
  5 frilled lizards
  30 goblins
  12 rats
279 creatures vanquished.

Notes
Turn   | Place    | Note
-------+----------+-------------------------------------------
     0 | D:1      | qw the Gargoyle Hexslinger began the quest for the Orb.
     0 | D:1      | Reached XP level 1. HP: 12/12 MP: 2/2
     0 | D:1      | 0 ||| qw: Version: 0.3-a-24-ga2abf7b
     0 | D:1      | 0 ||| qw: Game counter: 6909
     0 | D:1      | 0 ||| qw: Melee chars always use a shield: true
     0 | D:1      | 0 ||| qw: God list: Okawaru
     0 | D:1      | 0 ||| qw: Allow faded altars: false
     0 | D:1      | 0 ||| qw: Do Orc after clearing Dungeon:15 true
     0 | D:1      | 0 ||| qw: Do second Lair branch before Depths: true
     0 | D:1      | 0 ||| qw: Lair rune preference: random
     0 | D:1      | 0 ||| qw: Goals: Normal
     0 | D:1      | 0 ||| PLANNING D:1-11
    89 | D:1      | Reached XP level 2. HP: 11/16 MP: 3/3
   167 | D:1      | Reached skill level 3 in Ranged Weapons
   291 | D:1      | Reached XP level 3. HP: 21/21 MP: 4/4
   955 | D:1      | 955 ||| UPGRADING to +0 ring mail.
   965 | D:1      | 965 ||| DROPPING +0 robe.
   966 | D:1      | 966 ||| DROPPING ring of flight.
   967 | D:1      | 967 ||| READING scroll labelled XUOMNU LAOL.
   970 | D:1      | 970 ||| READING scroll labelled AVEEDW UTUMAHE.
   971 | D:1      | 971 ||| DROPPING scroll of poison.
   993 | D:2      | Noticed Jessica
   996 | D:2      | 996 ||| STAIRDANCE
  1002 | D:1      | Killed Jessica
  1003 | D:1      | Reached skill level 4 in Ranged Weapons
  1003 | D:1      | Reached XP level 4. HP: 21/26 MP: 5/5
  1043 | D:2      | Noticed Robin
  1049 | D:2      | Reached skill level 1 in Armour
  1058 | D:2      | Killed Robin
  1063 | D:2      | 1063 ||| FLEEEEING.
  1064 | D:2      | 1064 ||| FLEEEEING.
  1065 | D:2      | 1065 ||| FLEEEEING.
  1068 | D:2      | 1068 ||| STAIRDANCE
  1153 | D:2      | 1153 ||| FLEEEEING.
  1154 | D:2      | 1154 ||| FLEEEEING.
  1155 | D:2      | 1155 ||| FLEEEEING.
  1156 | D:2      | 1156 ||| FLEEEEING.
  1157 | D:2      | 1157 ||| STAIRDANCE
  1178 | D:2      | 1178 ||| STAIRDANCE
  1181 | D:1      | HP: 5/26 [gnoll/+0 flail (2)]
  1183 | D:1      | Reached XP level 5. HP: 6/30 MP: 6/6
  1281 | D:2      | 1281 ||| STAIRDANCE
  1485 | D:2      | Found a runed translucent door.
  1486 | D:2      | Noticed Crazy Yiuf
  1970 | D:2      | 1970 ||| UPGRADING to +0 helmet.
  1975 | D:2      | 1975 ||| UPGRADING to +0 hat of willpower.
  1985 | D:2      | 1985 ||| UPGRADING to amulet of regeneration.
  1990 | D:2      | 1990 ||| UPGRADING to +5 ring of evasion.
  1991 | D:2      | 1991 ||| READING scroll labelled TUNNYT LIPHIN.
  1992 | D:2      | 1992 ||| READING scroll labelled KIR SEALISO.
  1993 | D:2      | 1993 ||| DRINKING 2 cyan potions.
  2123 | D:3      | Reached skill level 5 in Ranged Weapons
  2138 | D:3      | Found a shadowy altar of Dithmenos.
  2143 | D:3      | Found a shimmering altar of Xom.
  2143 | D:3      | Found a stormy altar of Qazlal.
  2144 | D:3      | Found an ancient bone altar of Kikubaaqudgha.
  2239 | D:3      | Found Bungirox's Magic Scroll Boutique.
  2249 | D:3      | 2249 ||| BUYING scroll of identify (24 gold).
  2249 | D:3      | Bought a scroll of identify for 24 gold pieces
  2249 | D:3      | 2249 ||| BUYING scroll of identify (24 gold).
  2249 | D:3      | Bought a scroll of identify for 24 gold pieces
  2249 | D:3      | 2249 ||| SHOPLISTING scroll of identify (24 gold, have 11).
  2291 | D:3      | Identified the +0 ring mail of Prudence {Will- Str+3 Dex+2
                  | SInv}
  2695 | D:3      | 2695 ||| UPGRADING to +0 ring mail of Prudence {Will- Str+3
                  | Dex+2 SInv}.
  2705 | D:3      | 2705 ||| DROPPING +0 ring mail.
  2706 | D:3      | 2706 ||| READING scroll labelled FOTRIVIATHRE.
  2706 | D:3      | Identified a scroll of acquirement
  2706 | D:3      | 2706 ||| ACQUIRING +3 longbow of draining
  2706 | D:3      | Acquired a +3 longbow of draining
  2708 | D:3      | 2708 ||| SWAPPING to +3 longbow of draining.
  2709 | D:3      | 2709 ||| DROPPING +2 sling.
  2710 | D:3      | 2710 ||| DRINKING 3 pink potions.
  2711 | D:3      | 2711 ||| READING 2 scrolls of identify.
  2711 | D:3      | 2711 ||| IDENTIFYING sedimented white potion
  2712 | D:3      | 2712 ||| DROPPING potion of ambrosia.
  2740 | D:4      | Reached skill level 3 in Fighting
  2782 | D:4      | 2782 ||| Stepping ~*~*~tactically~*~*~ (outnumbered).
  2798 | D:4      | Noticed a black bear
  2800 | D:4      | 2800 ||| FLEEEEING.
  2804 | D:4      | 2804 ||| FLEEEEING.
  2805 | D:4      | 2805 ||| FLEEEEING.
  2806 | D:4      | 2806 ||| FLEEEEING.
  2807 | D:4      | 2807 ||| FLEEEEING.
  2808 | D:4      | 2808 ||| FLEEEEING.
  2809 | D:4      | 2809 ||| FLEEEEING.
  2812 | D:4      | Reached XP level 6. HP: 37/37 MP: 7/7
  2816 | D:4      | Killed a black bear
  2817 | D:4      | Reached skill level 6 in Ranged Weapons
  2869 | D:4      | Found Beroan's Jewellery Boutique.
  2883 | D:4      | 2883 ||| SHOPLISTING +5 ring of evasion (360 gold, have
                  | 43).
  2883 | D:4      | 2883 ||| SHOPLISTING amulet "Lupt" {Reflect rElec rF+ rC-
                  | SH+5} (440 gold, have 43).
  2883 | D:4      | 2883 ||| SHOPLISTING amulet of faith (400 gold, have 43).
  2883 | D:4      | 2883 ||| SHOPLISTING ring of fire (250 gold, have 43).
  2883 | D:4      | 2883 ||| SHOPLISTING ring of resist corrosion (200 gold,
                  | have 43).
  2883 | D:4      | 2883 ||| SHOPLISTING ring of willpower (250 gold, have 43).
  2937 | D:4      | Reached XP level 7. HP: 44/44 MP: 8/8
  3613 | D:4      | 3613 ||| UPGRADING to +0 pair of boots.
  3618 | D:4      | 3618 ||| UPGRADING to +0 pair of gloves.
  3623 | D:4      | 3623 ||| DRINKING 2 blue potions.
  3654 | D:5      | Entered Level 5 of the Dungeon
  3664 | D:5      | Found an ornate altar of the Wu Jian Council.
  3694 | D:5      | Reached skill level 7 in Ranged Weapons
  3739 | D:5      | Found a basalt altar of Yredelemnul.
  3752 | D:5      | Reached XP level 8. HP: 48/48 MP: 9/9
  3789 | D:5      | Reached skill level 8 in Ranged Weapons
  4149 | D:5      | Reached skill level 9 in Ranged Weapons
  4302 | D:5      | Found a hazy altar of Hepliaklqana.
  4432 | D:5      | 4432 ||| READING 3 scrolls labelled WEHIORRIALE.
  4433 | D:5      | 4433 ||| READING scroll labelled QALIUL VOADIMEE.
  4434 | D:5      | 4434 ||| READING 2 scrolls of identify.
  4434 | D:5      | 4434 ||| IDENTIFYING silvery potion
  4435 | D:5      | 4435 ||| DROPPING potion of brilliance.
  4436 | D:5      | 4436 ||| DROPPING 2 scrolls of immolation.
  4480 | D:6      | 4480 ||| PLANNING SEWER
  4495 | D:6      | Reached XP level 9. HP: 55/55 MP: 10/10
  4504 | D:6      | Reached skill level 6 in Fighting
  4641 | D:6      | Found a staircase to the Ecumenical Temple.
  4655 | D:6      | Reached skill level 10 in Ranged Weapons
  4678 | D:6      | Identified the +5 scale mail "Forget-Me-Not" {rC++ rN+
                  | Will- SInv}
  4713 | D:6      | Reached skill level 3 in Armour
  4739 | D:6      | Found a glowing drain.
  4751 | Sewer    | Entered a sewer
  4757 | Sewer    | 4757 ||| Stepping ~*~*~tactically~*~*~ (water).
  4835 | Sewer    | Reached skill level 3 in Dodging
  4892 | Sewer    | 4892 ||| Stepping ~*~*~tactically~*~*~ (water).
  4952 | Sewer    | 4952 ||| Stepping ~*~*~tactically~*~*~ (water).
  5061 | Sewer    | 5061 ||| READING scroll labelled XENUES OKOM.
  5071 | Sewer    | 5071 ||| READING 2 scrolls of identify.
  5071 | Sewer    | 5071 ||| IDENTIFYING bubbling blue potion
  5108 | D:6      | 5108 ||| PLANNING TEMPLE
  5144 | Temple   | Entered the Ecumenical Temple
  5233 | Temple   | 5233 ||| PLANNING D:1-11
  5322 | D:6      | Found a shadowy altar of Dithmenos.
  5323 | D:6      | Noticed a cyclops
  5328 | D:6      | Killed a cyclops
  5387 | D:6      | Found an opulent altar of Gozag.
  5508 | D:6      | Found a broken altar of Ashenzari.
  5623 | D:6      | 5623 ||| DROPPING amulet of the acrobat.
  5673 | D:7      | 5673 ||| READING scroll of enchant weapon.
  5673 | D:7      | 5673 ||| ENCHANTING +3 longbow of draining.
  5707 | D:7      | Noticed a komodo dragon
  5712 | D:7      | Killed a komodo dragon
  5713 | D:7      | Reached skill level 11 in Ranged Weapons
  5713 | D:7      | Reached XP level 10. HP: 63/63 MP: 11/11
  5718 | D:7      | Found an iron altar of Okawaru.
  5719 | D:7      | 5719 ||| PLANNING OKAWARU WORSHIP
  5720 | D:7      | Noticed Prince Ribbit
  5737 | D:7      | Killed Prince Ribbit
  5803 | D:7      | Became a worshipper of Warmaster Okawaru
  5804 | D:7      | 5804 ||| PLANNING D:1-11
  5815 | D:7      | Found Kumer's Antique Weapon Emporium.
  5824 | D:7      | 5824 ||| SHOPLISTING glowing longbow (247 gold, have 190).
  5994 | D:7      | Found a flagged portal.
  5995 | D:7      | 5995 ||| Stepping ~*~*~tactically~*~*~ (water).
  6075 | D:7      | Found a blossoming altar of Fedhas.
  6211 | D:7      | 6211 ||| READING scroll labelled PILEJU PIEG.
  6256 | D:8      | Found a staircase to the Lair.
  6266 | D:8      | Reached skill level 12 in Ranged Weapons
  6268 | D:8      | Reached * piety under Okawaru
  6286 | D:8      | Found Lenuerav's Assorted Antiques.
  6295 | D:8      | 6295 ||| BUYING curved lead wand (116 gold).
  6295 | D:8      | Bought a curved lead wand for 116 gold pieces
  6295 | D:8      | 6295 ||| BUYING scroll labelled JIAHUMM UMISK (29 gold).
  6295 | D:8      | Bought a scroll labelled JIAHUMM UMISK for 29 gold pieces
  6396 | D:8      | Found Wadulo's Distillery.
  6397 | D:8      | 6397 ||| READING scroll labelled JIAHUMM UMISK.
  6398 | D:8      | 6398 ||| READING 2 scrolls of identify.
  6398 | D:8      | 6398 ||| IDENTIFYING brown potion
  6404 | D:8      | 6404 ||| DROPPING wand of polymorph (4).
  6405 | D:8      | 6405 ||| DROPPING potion of attraction.
  6406 | D:8      | Found a radiant altar of Vehumet.
  6409 | D:8      | Reached skill level 1 in Invocations
  6436 | D:8      | 6436 ||| BUYING potion of curing (48 gold).
  6436 | D:8      | Bought a potion of curing for 48 gold pieces
  6436 | D:8      | 6436 ||| SHOPLISTING potion of enlightenment (80 gold, have
                  | 37).
  6436 | D:8      | 6436 ||| SHOPLISTING potion of haste (160 gold, have 37).
  6436 | D:8      | 6436 ||| SHOPLISTING potion of heal wounds (80 gold, have
                  | 37).
  6436 | D:8      | 6436 ||| SHOPLISTING potion of magic (128 gold, have 37).
  6436 | D:8      | 6436 ||| SHOPLISTING potion of might (64 gold, have 37).
  6462 | D:8      | Noticed a +0 dagger
  6463 | D:8      | Noticed a +0 dagger
  6474 | D:8      | 6474 ||| INVOKING Heroism.
  6542 | D:8      | Found a shimmering blue altar of Sif Muna.
  6584 | D:8      | Found a hide-covered altar of Uskayaw.
  6685 | D:8      | 6685 ||| INVOKING Heroism.
  6837 | D:8      | 6837 ||| FLEEEEING.
  6838 | D:8      | 6838 ||| FLEEEEING.
  6840 | D:8      | 6840 ||| FLEEEEING.
  6841 | D:8      | 6841 ||| FLEEEEING.
  6842 | D:8      | 6842 ||| FLEEEEING.
  6843 | D:8      | 6843 ||| FLEEEEING.
  6844 | D:8      | 6844 ||| FLEEEEING.
  6866 | D:8      | Found Teicuu's General Store.
  6869 | D:8      | 6869 ||| BUYING scroll of identify (24 gold).
  6869 | D:8      | Bought a scroll of identify for 24 gold pieces
  6920 | D:8      | 6920 ||| INVOKING Heroism.
  6923 | D:8      | 6923 ||| Stepping ~*~*~tactically~*~*~ (outnumbered).
  6926 | D:8      | 6926 ||| DRINKING 6 potions of curing.
  6926 | D:8      | 6926 ||| (to cure confusion)
  6928 | D:8      | Reached skill level 3 in Invocations
  7120 | D:8      | 7120 ||| PLANNING LAIR
  7120 | D:8      | 7120 ||| READING scroll labelled RAUBO POIVA BOU.
  7121 | D:8      | 7121 ||| READING 2 scrolls of identify.
  7121 | D:8      | 7121 ||| IDENTIFYING dark potion
  7122 | D:8      | 7122 ||| DROPPING potion of lignification.
  7157 | Lair:1   | Entered Level 1 of the Lair of Beasts
  7189 | Lair:1   | 7189 ||| INVOKING Heroism.
  7577 | Lair:1   | Noticed a death yak
  7578 | Lair:1   | 7578 ||| INVOKING Heroism.
  7582 | Lair:1   | Noticed a death yak
  7594 | Lair:1   | Killed a death yak
  7594 | Lair:1   | Reached ** piety under Okawaru
  7595 | Lair:1   | Reached skill level 13 in Ranged Weapons
  7595 | Lair:1   | Reached XP level 11. HP: 54/69 MP: 12/14
  7595 | Lair:1   | Killed a death yak
  7596 | Lair:1   | Reached skill level 9 in Fighting
  7607 | Lair:1   | Noticed Gastronok
  7608 | Lair:1   | 7608 ||| FLEEEEING.
  7612 | Lair:1   | 7612 ||| FLEEEEING.
  7618 | Lair:1   | 7618 ||| FLEEEEING.
  7942 | Lair:1   | 7942 ||| READING scroll of acquirement.
  7942 | Lair:1   | 7942 ||| ACQUIRING +2 pair of gloves "Qomenlut" {Dex+3}
  7942 | Lair:1   | Acquired the +2 pair of gloves "Qomenlut" {Dex+3}
  7944 | Lair:1   | 7944 ||| UPGRADING to +2 pair of gloves "Qomenlut" {Dex+3}.
  7954 | Lair:1   | 7954 ||| DROPPING +0 pair of gloves.
  8274 | Lair:1   | 8274 ||| INVOKING Heroism.
  8285 | Lair:1   | Killed Gastronok
  8285 | Lair:1   | Reached *** piety under Okawaru
  8629 | Lair:2   | 8629 ||| INVOKING Heroism.
  8661 | Lair:2   | Noticed a skyshark
  8662 | Lair:2   | 8662 ||| FLEEEEING.
  8663 | Lair:2   | 8663 ||| FLEEEEING.
  8667 | Lair:2   | 8667 ||| FLEEEEING.
  8668 | Lair:2   | 8668 ||| FLEEEEING.
  8669 | Lair:2   | 8669 ||| FLEEEEING.
  8670 | Lair:2   | 8670 ||| STAIRDANCE
  8707 | Lair:1   | 8707 ||| INVOKING Heroism.
  8727 | Lair:2   | Killed a skyshark
  8727 | Lair:2   | Reached **** piety under Okawaru
  8732 | Lair:2   | 8732 ||| STAIRDANCE
  8732 | Lair:2   | Noticed a five-headed hydra
  8734 | Lair:1   | 8734 ||| INVOKING Heroism.
  8737 | Lair:1   | HP: 15/71 [cane toad (11)]
  8738 | Lair:1   | 8738 ||| READING 4 scrolls of teleportation.
  8739 | Lair:1   | 8739 ||| DRINKING 4 potions of heal wounds.
  8804 | Lair:2   | Noticed a death yak
  8805 | Lair:2   | 8805 ||| STAIRDANCE
  8807 | Lair:1   | 8807 ||| INVOKING Heroism.
  8811 | Lair:1   | HP: 13/71 [yak (12)]
  8812 | Lair:1   | 8812 ||| READING 3 scrolls of teleportation.
  8812 | Lair:1   | HP: 3/71 [wyvern (11)]
  8812 | Lair:1   | Mangled by a five-headed hydra

Levels and vault maps discovered:
D:1:      dpeg_arrival_water_fire, layout_basic
D:2:      layout_loops_ring, nicolae_figureground_sparkle, uniq_jessica,
          uniq_robin, uniq_crazy_yiuf_cottage
D:3:      layout_basic, grunt_temple_overflow_open, serial_shops,
          nicolae_shop_tiny_waterfront, minmay_goblin_kobold_house
D:4:      layout_basic, serial_shops, shop, kennysheep_boxes
D:5:      layout_basic, mainiacjoe_overflow_brackets,
          nzn_hepliaklqana_mist_gate, lemuel_mausoleum_altar_yredelemnul,
          serial_curves, eino_curves_03, eino_curves_04
D:6:      layout_basic, lemuel_coloured_pillars_altar,
          minmay_temple_entry_drinking_statues, portal_sewer_entry_a,
          roderic_roman_lattice, hangedman_feature_mirror, corexii_shack,
          hangedman_minor_gate_pass
D:7:      layout_rooms, mainiacjoe_overflow_tiny_flanked, lemuel_tele_altar,
          enter_bailey_4, serial_shops, shop, st_stairs_3, uniq_prince_ribbit1
D:8:      layout_basic, vehumet_altar_wand_db, dancing_weapons_uskayaw,
          marbit_many_paths, david_lair_generic, serial_shops,
          nicolae_shop_real_fake_doors, shop, nicolae_square_shop
Temple:   nicolae_temple_superstar
Lair:1:   layout_layer_cave, uniq_gastronok
Lair:2:   layout_hall_layers, beast_lair_carwin_1

Skill      XL: |  1  2  3  4  5  6  7  8  9 10 11 |
---------------+----------------------------------+-----
Ranged Weapons | 3 4 5 6 7 9 11 13 | 13.9
Fighting       | 2 3 4 5 7 8 9 |  9.2
Armour         | 1 2 3 4 |  4.0
Dodging        | 2 3 4 |  4.5
Invocations    | 4 |  4.1
Spellcasting   | |  1.0
Hexes          | |  2.6

Action                     |  1- 3 |  4- 6 |  7- 9 | 10-12 || total
---------------------------+-------+-------+-------+-------++-------
   Fire: Sling             |   114 |   164 |       |       ||   278
         Longbow           |       |    48 |   297 |   229 ||   574
 Invoke: Heroism           |       |       |       |    10 ||    10
    Use: Scroll            |     2 |     4 |     6 |     8 ||    20
         Potion            |       |     2 |     1 |     2 ||     5
 Armour: Robe              |    28 |       |       |       ||    28
         Ring mail         |     1 |    67 |    80 |    78 ||   226
  Dodge: Dodged            |    56 |   129 |   173 |   228 ||   586

Table legend:
 A = Non-vault XP
 B = Vault XP
 C = Vault XP percentage of total XP
 D = Non-vault monster count
 E = Vault monster count
 F = Vault count percentage of total count
                 A         B        C        D         E       F
            +---------+---------+-------+---------+---------+-------
      Total |    9644 |    4658 |  32.6 |     189 |      90 |  32.3
            +---------+---------+-------+---------+---------+-------
        D:1 |      82 |      37 |  31.1 |      33 |       1 |   2.9
        D:2 |      57 |      38 |  40.0 |      13 |      13 |  50.0
        D:3 |      36 |      18 |  33.3 |      15 |       9 |  37.5
        D:4 |     603 |       0 |   0.0 |      42 |       0 |   0.0
        D:5 |     741 |     562 |  43.1 |      10 |      12 |  54.5
        D:6 |    1011 |    1000 |  49.7 |      22 |      16 |  42.1
        D:7 |    1286 |     452 |  26.0 |      14 |       9 |  39.1
        D:8 |    1011 |     800 |  44.2 |      27 |       6 |  18.2
     Lair:1 |    3446 |    1618 |  32.0 |      10 |       2 |  16.7
     Lair:2 |    1371 |       0 |   0.0 |       3 |       0 |   0.0
      Sewer |       0 |     133 | 100.0 |       0 |      22 | 100.0
            +---------+---------+-------+---------+---------+-------
